 Dungeon Crawl Stone Soup version 0.31.0-11-ge490571c62 (webtiles) character file.

Game seed: 7673135280075424295

292 Minsecho the Ducker (level 6, -2/32 HPs)
             Began as a Spriggan Monk on Jan 29, 2024.
             Slain by Crazy Yiuf
             ... wielding a +3 quarterstaff of chaos
              (6 damage)
             ... on level 2 of the Dungeon.
             The game lasted 00:09:53 (4014 turns).

Minsecho the Ducker (Spriggan Monk)                 Turns: 4014, Time: 00:09:53

Health: -2/32      AC:  2    Str:  9    XL:     6   Next: 10%
Magic:  2/7        EV: 25    Int: 12    God:
Gold:   245        SH:  0    Dex: 17    Spells: 5/5 levels left

rFire   . .          .
                       - Unarmed
rCold   . . .        c - orb {light}
rNeg    . . .        a - +0 robe
rPois   .            (helmet restricted)
rElec   .            (no cloak)
rCorr   .            (gloves unavailable)
SInv    +            (boots unavailable)
Will    +....        (no amulet)
Stlth   +            s - +5 ring of evasion
HPRegen 0.25/turn    (no ring)
MPRegen 0.10/turn

%: no passive effects
@: glowing, very quick
A: very small, no large weapons, unfitting armour, see invisible, speed 3
a: no special abilities


You were on level 2 of the Dungeon.
You visited 1 branch of the dungeon, and saw 4 of its levels.

You collected 245 gold pieces.

Inventory:

Missiles
 b - 4 javelins
 i - 4 atropa-tipped darts (quivered)
Armour
 a - a +0 robe (worn)
 c - an orb of light (worn)
Jewellery
 f - a ring of wizardry
 s - a +5 ring of evasion (left hand)
 t - a ring of fire
 w - a ring of resist corrosion
Talismans
 n - a maw talisman
Wands
 x - a wand of polymorph (14)
Scrolls
 e - 5 scrolls of identify {unknown}
 g - a scroll of fear {unknown}
 j - a scroll of immolation {unknown}
 k - a scroll of torment {unknown}
 m - a scroll of teleportation
 p - 2 scrolls of vulnerability {unknown}
 r - a scroll of revelation {unknown}
 v - a scroll of acquirement {unknown}
Potions
 d - 2 potions of degeneration {unknown}
 h - 2 potions of cancellation {unknown}
 l - 2 potions of haste {unknown}
 o - a potion of curing {unknown}
 q - a potion of might {unknown}
 u - a potion of resistance {unknown}
 z - a potion of ambrosia


   Skills:
 + Level 2.9 Fighting
 + Level 5.8 Dodging
 + Level 0.7 Stealth
 + Level 4.1 Unarmed Combat
 * Level 2.9 Shapeshifting


You had 5 spell levels left.
You didn't know any spells.
Your spell library contained the following spells:

 Spells                   Type           Power      Damage    Failure   Level
 Summon Ice Beast         Ice/Summ       0%         N/A       69%         3
 Summon Mana Viper        Hex/Summ       0%         N/A       100%        5
 Monstrous Menagerie      Summ           0%         N/A       100%        7


Dungeon Overview and Level Annotations

Branches:
Dungeon (4/15)
 Temple: D:4-7

Altars:
Fedhas
Qazlal

Annotations:
D:2 Crazy Yiuf


Innate Abilities, Weirdness & Mutations

You are very small and have problems with some larger weapons.
You are too small for most types of armour.
You have supernaturally acute eyesight. (SInv)
You cover ground extremely quickly. (Speed+++)


Message History

You hit Crazy Yiuf.
Crazy Yiuf is heavily wounded.
Crazy Yiuf laughs, "Cod tea hand!"
Crazy Yiuf closely misses you.
You completely miss Crazy Yiuf.
Crazy Yiuf is heavily wounded.
Crazy Yiuf whimpers, "Iron sanguine mobile!"
Crazy Yiuf barely misses you.
You hit Crazy Yiuf.
Crazy Yiuf is severely wounded.
Crazy Yiuf misses you.
You hit Crazy Yiuf but do no damage.
Crazy Yiuf is severely wounded.
Crazy Yiuf hits you with a +3 quarterstaff of chaos!
Crazy Yiuf freezes you.
You hit Crazy Yiuf.
Crazy Yiuf is severely wounded.
Crazy Yiuf completely misses you.
You hit Crazy Yiuf but do no damage.
Crazy Yiuf is severely wounded.
Crazy Yiuf screams, "Whiteboard disdain light!"
Crazy Yiuf hits you with a +3 quarterstaff of chaos!
You feel your power leaking away.
You barely miss Crazy Yiuf.
Crazy Yiuf is severely wounded.
Crazy Yiuf misses you.
You hit Crazy Yiuf but do no damage.
Crazy Yiuf is severely wounded.
Crazy Yiuf completely misses you.
You hit Crazy Yiuf.
Crazy Yiuf is severely wounded.
Crazy Yiuf misses you.
You barely miss Crazy Yiuf.
Crazy Yiuf is severely wounded.
You hit Crazy Yiuf.
Crazy Yiuf is almost dead.
Crazy Yiuf hits you with a +3 quarterstaff of chaos!
* * * LOW HITPOINT WARNING * * *
Crazy Yiuf freezes you.
You die...

#.##.#.#
##########....#.#
#..........#.....
#############.#.#
####.#.#
########.......
###
###.#...##.####.#
#...##..#.......#
#.#
#...g@####......#
#.. #)..###
##..#.## #### ###
###### ##...
##.... #..).. ###
#..... #.# #.....
#.# ##.... #.#
##...


You could see Crazy Yiuf.

Vanquished Creatures
  2 bombardier beetles (D:3)
  An orc priest (D:3)
  An iguana (D:4)
  Robin (D:2)
  4 adders
  4 dart slugs
  A ribbon worm (D:2)
  19 orcs
  7 ball pythons
  4 endoplasms
  5 giant cockroaches
  16 goblins
  5 hobgoblins
  A jackal (D:2)
  8 kobolds
  2 quokkas
  8 bats
  3 frilled lizards
  5 rats
97 creatures vanquished.

Notes
Turn   | Place    | Note
-------+----------+-------------------------------------------
     0 | D:1      | Minsecho the Spriggan Monk began the quest for the Orb.
     0 | D:1      | Reached XP level 1. HP: 11/11 MP: 2/2
   113 | D:1      | Found a large runed translucent door.
   113 | D:1      | Found a large runed translucent door.
   457 | D:1      | Reached XP level 2. HP: 15/16 MP: 3/3
   803 | D:2      | Noticed Robin
  1195 | D:1      | Reached XP level 3. HP: 19/19 MP: 4/4
  1405 | D:2      | Killed Robin
  2154 | D:2      | Found a runed translucent door.
  2155 | D:2      | Noticed Crazy Yiuf
  2260 | D:2      | Reached XP level 4. HP: 22/23 MP: 5/5
  2511 | D:3      | Reached skill level 5 in Dodging
  2635 | D:3      | Reached skill level 1 in Shapeshifting
  2858 | D:3      | Reached XP level 5. HP: 22/28 MP: 6/6
  3316 | D:4      | Found a stormy altar of Qazlal.
  3317 | D:4      | Found a blossoming altar of Fedhas.
  3827 | D:1      | Reached XP level 6. HP: 31/32 MP: 7/7
  4014 | D:2      | Slain by Crazy Yiuf

Illustrated notes

Levels and vault maps discovered:
D:1:      erik_arrival_cave_to_civilisation [erik_arrival_cave_to_temple],
          layout_basic
D:2:      kennysheep_six_static_rooms, layout_basic, serial_bayou_pond_d,
          chequers_avenue, nicolae_underground_beach, uniq_crazy_yiuf_cottage,
          uniq_robin
D:3:      layout_rooms, serial_rivers, chequers_serial_rivers_large_b,
          chequers_serial_rivers_room_a, chequers_serial_rivers_marsh,
          chequers_serial_rivers_room_b, chequers_serial_rivers_micro_c,
          chequers_serial_rivers_small_a, grunt_ministairs_5
D:4:      layout_loops_corners, grunt_temple_overflow_forces_of_nature,
          nicolae_uskayaw_dance_hall, grunt_temple_overflow_lords_of_destruction

Skill      XL: |  1  2  3  4  5 |
---------------+----------------+-----
Unarmed Combat | 3 4 |  4.1
Dodging        | 5 |  5.8
Shapeshifting  | 1 2 |  2.9
Fighting       | |  2.9
Stealth        | |  0.7

Action                     |  1- 3 |  4- 6 || total
---------------------------+-------+-------++-------
  Melee: Unarmed           |   168 |   288 ||   456
    Use: Potion            |     1 |       ||     1
         Scroll            |       |     2 ||     2
 Armour: Robe              |    61 |    50 ||   111
  Dodge: Dodged            |   153 |   221 ||   374
